 Dungeon Crawl Stone Soup version 0.27.1-33-g824d729ab1 (webtiles) character file.

Game seed: 4320434048989907503

20 Altran the Chiller (level 2, -5/15 HPs)
             Began as a Deep Elf Ice Elementalist on Dec 11, 2021.
             Slain by a gnoll (7 damage)
             ... on level 2 of the Dungeon.
             The game lasted 00:03:38 (1013 turns).

Altran the Chiller (Deep Elf Ice Elementalist)      Turns: 1013, Time: 00:03:39

Health: -5/15      AC:  2    Str:  5    XL:     2   Next: 58%
Magic:  7/8        EV: 12    Int: 19    God:
Gold:   47         SH:  0    Dex: 15    Spells: 7/8 levels left

rFire    . . .     SeeInvis .   d - +0 dagger (speed)
rCold    . . .     Faith    .   (no shield)
rNeg     . . .     Spirit   .   a - +0 robe
rPois    .         Reflect  .   (no helmet)
rElec    .         Harm     .   (no cloak)
rCorr    .         Rampage  .   (no gloves)
Will     .....                  (no boots)
Stlth    ++........             (no amulet)
HPRegen  0.05/turn              (no ring)
MPRegen  0.11/turn              (no ring)

@: no status effects
A: no striking features
a: no special abilities


You were on level 2 of the Dungeon.
You visited 1 branch of the dungeon, and saw 2 of its levels.

You collected 47 gold pieces.

Inventory:

Hand Weapons
 d - a +0 dagger of speed (weapon)
Armour
 a - a +0 robe (worn)
Scrolls
 b - a scroll of amnesia {unknown}
 e - a scroll of noise {unknown}
 f - a scroll of enchant armour {unknown}
Potions
 c - a potion of heal wounds {unknown}


   Skills:
 + Level 2.4 Dodging
 + Level 2.5 Stealth
 - Level 0.2 Unarmed Combat
 + Level 3.7 Spellcasting
 + Level 4.8 Ice Magic


You had 7 spell levels left.
You knew the following spells:

 Your Spells              Type           Power      Damage    Failure   Level
a - Freeze                Ice            84%        1d10      1%          1

Your spell library contained the following spells:

 Spells                   Type           Power      Damage    Failure   Level
 Frozen Ramparts          Ice            42%        1d6       6%          3
 Ozocubu's Armour         Ice            21%        N/A       6%          3
 Hailstorm                Conj/Ice       12%        3d5       47%         4
 Chain Lightning          Conj/Air       1%         3d2       100%        9
 Fire Storm               Conj/Fire      1%         8d1       100%        9


Dungeon Overview and Level Annotations

Branches:
Dungeon (2/15)

Altars:


Message History

You climb upwards.
There is a stone staircase leading down here.
There's nothing to open nearby.
There is a stone staircase leading down here.
You climb downwards.
Found a scroll labelled UZOFIFFETON.
Found a stone staircase leading down.
There is a stone staircase leading up here.
You climb upwards.
There is a stone staircase leading down here.
Key pressed, stopping travel.
You can't go down here!
There is a stone staircase leading down here.
You climb downwards.
There is a stone staircase leading up here.
A gnoll comes into view. It is wielding a +0 spear.
The gnoll moves out of view.
A goblin comes into view. It is wielding a +0 club.
The gnoll shouts!
You hear a shout!
A ball python comes into view.
The goblin moves out of view. 3 gnolls come into view.
There are monsters nearby!
There are monsters nearby!
An endoplasm comes into view.
The gnoll hits you from afar with a +0 spear.
The gnoll hits you with a +0 spear!
Ouch! That really hurt!
You are too injured to fight recklessly!
You are too injured to fight recklessly!
Casting: Freeze (safe; 1% risk of failure)
Confirm with . or Enter, or press ? or * to list all spells.
Aiming: Freeze (safe; 1% risk of failure)
Press: ? - help, Shift-Dir - straight line, f - gnoll
Aim: a gnoll, wielding a +0 spear and wearing an amulet of reflection You freeze the gnoll!
The gnoll is heavily wounded.
The gnoll hits you with a +0 spear.
* * * LOW HITPOINT WARNING * * *
The gnoll hits you from afar with a +0 spear!
You die...

..≈≈....#.
....≈.....
≈≈..≈....
..≈≈.....
⌠S......#
g≈....S.#####
..≈.....g.g.#
..≈....####.#
≈≈.....####@#
.......#....#
.......#.####
≈≈≈###.#..<#
≈≈# #####.#
## #.# #.#
###


You could see a gnoll.

Vanquished Creatures
  3 ball pythons (D:1)
  An endoplasm (D:1)
  A giant cockroach (D:1)
  3 goblins (D:1)
  A hobgoblin (D:1)
  3 jackals (D:1)
  A kobold (D:1)
  A quokka (D:1)
  A bat (D:1)
  A frilled lizard (D:1)
  A rat (D:2)
17 creatures vanquished.

Notes
Turn   | Place    | Note
-------+----------+-------------------------------------------
     0 | D:1      | Altran the Deep Elf Ice Elementalist began the quest for
                  | the Orb.
     0 | D:1      | Reached XP level 1. HP: 10/10 MP: 6/6
   310 | D:1      | Reached XP level 2. HP: 13/15 MP: 5/8
  1013 | D:2      | Slain by a gnoll

Illustrated notes

Levels and vault maps discovered:
D:1:      erik_arrival_blinker_ship, layout_basic
D:2:      cheibrodos_helix_gallery, layout_basic, uniq_sigmund, uniq_jessica

Action                   || total
-------------------------++-------
Melee: Unarmed           ||     2
 Cast: Freeze            ||    23
Armor: Robe              ||     4
Dodge: Dodged            ||    11
